[Event "ICC tourney 2552 (3 2)"]
[Site "Internet Chess Club"]
[Date "2021.05.07"]
[Round "6"]
[White "KRISHNAN, SHREYANK:K05-16258876"]
[Black "S MORGAN, LAKSHMI:K05-16867525"]
[Result "1-0"]
[ICCResult "Black checkmated"]
[WhiteElo "1400"]
[BlackElo "1400"]
[Opening "Queen's pawn game"]
[ECO "D02"]
[NIC "QP.08"]
[Time "20:14:03"]
[PlyCount "99"]
[TimeControl "180+2"]

1. d4 d5 2. Nf3 Bf5 3. c4 e6 4. Nc3 c6 5. Bf4 Bd6 6. Bg3 Nf6 7. e3 Na6 8.
cxd5 cxd5 9. Bxa6 bxa6 10. Qa4+ Qd7 11. Bxd6 Qxa4 12. Nxa4 Kd7 13. Be5 Rhe8
14. Nc5+ Kd8 15. Nb7+ Kd7 16. Nd6 Rf8 17. Ng5 Bg6 18. O-O h6 19. Nf3 Bh5
20. Rac1 Bxf3 21. gxf3 Rab8 22. Rc2 Nh5 23. Rfc1 Rfd8 24. Nxf7 Rf8 25. Bxb8
Rxb8 26. Rc7+ Ke8 27. Nd6+ Kd8 28. Nb7+ Ke8 29. Rc8+ Kd7 30. Rxb8 Ke7 31.
Rc7+ Kf6 32. Rf8+ Kg6 33. Rc6 a5 34. Rxe6+ Kh7 35. Ree8 Kg6 36. Re6+ Kh7
37. Nd6 Nf6 38. Nf7 Kg6 39. Ne5+ Kh7 40. Rexf6 gxf6 41. Rxf6 Kg7 42. Rg6+
Kh7 43. Kg2 a4 44. Kg3 a3 45. bxa3 a5 46. Kf4 a4 47. Kf5 h5 48. Kf6 h4 49.
Rg7+ Kh8 50. Ng6# { Black checkmated } 1-0

[Event "ICC tourney 2552 (3 2)"]
[Site "Internet Chess Club"]
[Date "2021.05.07"]
[Round "6"]
[White "GUPTA, VIHAAN:K01-30156581"]
[Black "JAIN, VIAAN:K01-30173117"]
[Result "1-0"]
[ICCResult "Black checkmated"]
[WhiteElo "1084"]
[BlackElo "1400"]
[Opening "Giuoco Pianissimo: Italian four knights variation"]
[ECO "C50"]
[NIC "IG.02"]
[Time "20:14:44"]
[PlyCount "79"]
[TimeControl "180+2"]

1. e4 e5 2. Bc4 Nc6 3. Nf3 Bc5 4. Nc3 Nf6 5. d3 O-O 6. Bg5 h6 7. Bh4 g6 8.
O-O g5 9. Bg3 Nh5 10. Re1 Nxg3 11. hxg3 g4 12. Nd2 d6 13. Bb5 a6 14. Bxc6
bxc6 15. a3 Qf6 16. Rf1 Qg6 17. b4 Bb6 18. a4 f5 19. exf5 Rxf5 20. a5 Ba7
21. Nce4 Qf7 22. Rb1 Bxf2+ 23. Nxf2 Rg5 24. Nfe4 Qg7 25. Nxg5 hxg5 26. Ne4
d5 27. Nf6+ Kh8 28. Nxg4 Bxg4 29. Qxg4 Re8 30. Qh3+ Kg8 31. Rf5 g4 32. Qh5
Re6 33. Rg5 Rh6 34. Qxh6 Kf8 35. Qxg7+ Ke8 36. Rxe5+ Kd8 37. Qe7+ Kc8 38.
Qe8+ Kb7 39. Re7 Ka7 40. Rxc7# { Black checkmated } 1-0

[Event "ICC tourney 2552 (3 2)"]
[Site "Internet Chess Club"]
[Date "2021.05.07"]
[Round "6"]
[White "SAMUEL RYAN, ASHER:K03-17262978"]
[Black "PARHAR, OJAS:K03-16452028"]
[Result "0-1"]
[ICCResult "White checkmated"]
[WhiteElo "782"]
[BlackElo "1400"]
[Opening "Queen's pawn game"]
[ECO "D00"]
[NIC "QP.08"]
[Time "20:14:02"]
[PlyCount "62"]
[TimeControl "180+2"]

1. d4 d5 2. e3 Nc6 3. Nc3 Nf6 4. Nf3 Bf5 5. Bb5 a6 6. Bxc6+ bxc6 7. O-O e6
8. Ng5 Nd7 9. e4 dxe4 10. Ncxe4 Be7 11. Nxf7 Kxf7 12. Nd2 Nf6 13. f3 Ke8
14. g4 Bg6 15. g5 Nd5 16. f4 Bd6 17. f5 exf5 18. Nc4 Be7 19. Nb6 cxb6 20.
Bd2 Bxg5 21. Bxg5 Qxg5+ 22. Kh1 Ne3 23. Qd2 h6 24. Rg1 Qf4 25. Rxg6 Qe4+
26. Kg1 Nxc2 27. Rc1 Nxd4 28. Rxg7 Nf3+ 29. Kf2 Nxd2 30. Rxc6 Qf3+ 31. Kg1
Qf1# { White checkmated } 0-1

[Event "ICC tourney 2552 (3 2)"]
[Site "Internet Chess Club"]
[Date "2021.05.07"]
[Round "6"]
[White "DEEPAK GOWDA, DHRUV:K01-30155284"]
[Black "RAMANUJA, MADHAV:K03-30040317"]
[Result "0-1"]
[ICCResult "White checkmated"]
[WhiteElo "1400"]
[BlackElo "1400"]
[Opening "KP: Nimzovich defense"]
[ECO "B00"]
[NIC "VO.06"]
[Time "20:14:12"]
[PlyCount "60"]
[TimeControl "180+2"]

1. e4 Nc6 2. d4 d5 3. f3 dxe4 4. fxe4 Qxd4 5. Qf3 Qf6 6. Qg3 e6 7. Bb5 Bd6
8. Qb3 Bd7 9. Nf3 Nge7 10. Bg5 Qg6 11. Bd3 e5 12. Nc3 O-O 13. Nd5 Nxd5 14.
exd5 e4 15. dxc6 Bxc6 16. Bb5 Bxb5 17. Qxb5 exf3 18. gxf3 a6 19. Qd5 Bb4+
20. c3 Rfe8+ 21. Kf1 Bd6 22. Bd2 h6 23. Qxb7 Reb8 24. Qd5 Ra7 25. Rg1 Qe6
26. Qd3 Rxb2 27. Rb1 Rxb1+ 28. Qxb1 Ra8 29. Qb7 Re8 30. Qb1 Qe2# { White
checkmated } 0-1

[Event "ICC tourney 2552 (3 2)"]
[Site "Internet Chess Club"]
[Date "2021.05.07"]
[Round "6"]
[White "SELVAM, SWAGATHA:K05-16203181"]
[Black "GRACE KINNEY, ELLA:K06-16939048"]
[Result "0-1"]
[ICCResult "White checkmated"]
[WhiteElo "1400"]
[BlackElo "1400"]
[Opening "QGD: Semi-Tarrasch defense"]
[ECO "D40"]
[NIC "TD.05"]
[Time "20:14:10"]
[PlyCount "78"]
[TimeControl "180+2"]

1. d4 d5 2. c4 e6 3. Nc3 Nf6 4. Nf3 c5 5. dxc5 Bxc5 6. cxd5 Nxd5 7. Nxd5
Qxd5 8. Qxd5 exd5 9. Bf4 O-O 10. e3 Nc6 11. Bd3 d4 12. Rc1 Bb6 13. O-O dxe3
14. fxe3 h6 15. Rc3 g5 16. Bg3 Bxe3+ 17. Kh1 Bb6 18. Ne5 Nxe5 19. Bxe5 Re8
20. Bf6 Bg4 21. Bc4 Be6 22. Bxe6 Rxe6 23. a4 Rae8 24. Rcc1 Be3 25. Rce1 Bf4
26. Rxe6 Rxe6 27. Bd4 Be3 28. Bc3 Bf4 29. b4 Rc6 30. Bd4 Rc4 31. Bc5 b6 32.
Be7 Bd2 33. b5 Rxa4 34. Rd1 Bc3 35. Rd8+ Kg7 36. Bf8+ Kg6 37. Rd6+ Bf6 38.
Be7 Ra1+ 39. Rd1 Rxd1# { White checkmated } 0-1

[Event "ICC tourney 2552 (3 2)"]
[Site "Internet Chess Club"]
[Date "2021.05.07"]
[Round "6"]
[White "WU, DARREN:K01-30136086"]
[Black "SWAIN, HRIDARSH:K03-30023727"]
[Result "0-1"]
[ICCResult "White checkmated"]
[WhiteElo "1400"]
[BlackElo "1400"]
[Opening "QGD Slav: 4.Nc3"]
[ECO "D15"]
[NIC "SL.03"]
[Time "20:14:11"]
[PlyCount "106"]
[TimeControl "180+2"]

1. d4 d5 2. c4 c6 3. Nc3 Nf6 4. Nf3 Bf5 5. Bf4 Nbd7 6. e3 e6 7. a3 h6 8.
Bg3 Nb6 9. c5 Nbd7 10. Bd3 b6 11. b4 a5 12. O-O Ne4 13. Bxe4 dxe4 14. Ne5
Nxe5 15. Bxe5 f6 16. Bg3 bxc5 17. bxc5 Be7 18. h3 O-O 19. Bh2 Bh7 20. Qc2
f5 21. Kh1 g5 22. f3 exf3 23. Rxf3 f4 24. exf4 Bxc2 25. Rf2 Bg6 26. Raf1
Rf7 27. Ne2 Rb8 28. a4 Rb2 29. Bg3 h5 30. Bh2 Qf8 31. Bg3 gxf4 32. Bxf4
Rxe2 33. Rxe2 Rxf4 34. Rxf4 Qxf4 35. Re1 Bd8 36. Rxe6 Bc7 37. Rxg6+ Kh7 38.
Kg1 Kxg6 39. d5 cxd5 40. c6 Qh2+ 41. Kf2 Bg3+ 42. Kf3 d4 43. Ke4 Qxg2+ 44.
Kxd4 Qxc6 45. Kd3 Qxa4 46. Kc3 Qb4+ 47. Kc2 a4 48. Kc1 a3 49. Kc2 Qb2+ 50.
Kd3 a2 51. Ke4 a1=Q 52. Kd3 Qd4+ 53. Kc2 Qab2# { White checkmated } 0-1

[Event "ICC tourney 2552 (3 2)"]
[Site "Internet Chess Club"]
[Date "2021.05.07"]
[Round "6"]
[White "ANSELM RODRIGUES, EVANDER:K03-16965636"]
[Black "DESAI, DHRITEE:K06-16336152"]
[Result "1-0"]
[ICCResult "Black checkmated"]
[WhiteElo "1400"]
[BlackElo "1400"]
[Opening "QGD: Harrwitz attack"]
[ECO "D35"]
[NIC "QO.16"]
[Time "20:14:26"]
[PlyCount "89"]
[TimeControl "180+2"]

1. d4 d5 2. c4 e6 3. Nc3 Nf6 4. Bf4 Nbd7 5. Nf3 Bb4 6. e3 Ne4 7. Qb3 Ba5 8.
Bd3 Nef6 9. O-O O-O 10. h3 c6 11. cxd5 exd5 12. Qa4 b5 13. Qa3 b4 14. Qb3
bxc3 15. bxc3 Rb8 16. Bxb8 Nxb8 17. Qxb8 Bxc3 18. Rac1 Ba5 19. Qxa7 Bb6 20.
Qa3 Re8 21. Rxc6 Bd7 22. Rcc1 Re6 23. Rfe1 Bc7 24. Qc3 Ba5 25. Qc5 Bxe1 26.
Rxe1 Re8 27. Ne5 Be6 28. Rc1 Re7 29. Nc6 Rc7 30. Nxd8 Rxc5 31. Rxc5 Bd7 32.
Rc7 Be6 33. Nxe6 fxe6 34. Rc8+ Kf7 35. Kf1 Ke7 36. Ke2 Kf7 37. Kf3 g6 38.
Kf4 Kg7 39. Kg5 h6+ 40. Kf4 g5+ 41. Kf3 h5 42. g4 Kh6 43. gxh5 Kxh5 44.
Rh8+ Nh7 45. Rxh7# { Black checkmated } 1-0

[Event "ICC tourney 2552 (3 2)"]
[Site "Internet Chess Club"]
[Date "2021.05.07"]
[Round "6"]
[White "YU, YANG:K01-30094337"]
[Black "SHARMA, SUNEET:K05-16802074"]
[Result "1-0"]
[ICCResult "Black checkmated"]
[WhiteElo "1400"]
[BlackElo "1400"]
[Opening "Four knights: Scotch, 4...exd4"]
[ECO "C47"]
[NIC "KP.06"]
[Time "20:14:44"]
[PlyCount "117"]
[TimeControl "180+2"]

1. e4 e5 2. Nf3 Nc6 3. Nc3 Nf6 4. d4 exd4 5. Nxd4 Bc5 6. Nxc6 dxc6 7. Qxd8+
Kxd8 8. Bg5 Be6 9. e5 Be7 10. exf6 Bxf6 11. O-O-O+ Ke7 12. Bxf6+ gxf6 13.
b3 Rhd8 14. Be2 a6 15. Rd3 Rxd3 16. Bxd3 b5 17. Bxh7 b4 18. Na4 Bd5 19.
Re1+ Kd6 20. f3 Rh8 21. Be4 Bxe4 22. fxe4 Rxh2 23. Kd2 Rxg2+ 24. Kd3 Rg3+
25. Kd4 c5+ 26. Nxc5 Rc3 27. Nxa6 Rxc2 28. Nxb4 Rd2+ 29. Kc3 Rg2 30. Rd1+
Ke5 31. Nd5 Kxe4 32. Nxc7 Rxa2 33. Ne8 f5 34. Nd6+ Ke3 35. Nxf5+ Ke4 36.
Nd6+ Ke5 37. Nxf7+ Ke4 38. Nd6+ Ke5 39. b4 Ra3+ 40. Kc4 Re3 41. b5 Rf3 42.
b6 Rf8 43. Kc5 Rb8 44. Kc6 Ke6 45. Kc7 Rg8 46. b7 Rg7+ 47. Kb8 Rg8+ 48. Ka7
Rg7 49. Ka8 Rg8+ 50. Nc8 Rg2 51. Ra1 Rb2 52. Ka7 Rc2 53. b8=Q Rxc8 54.
Qxc8+ Kd6 55. Qe8 Kd5 56. Rd1+ Kc4 57. Qc8+ Kb5 58. Rb1+ Ka5 59. Qa6# {
Black checkmated } 1-0

[Event "ICC tourney 2552 (3 2)"]
[Site "Internet Chess Club"]
[Date "2021.05.07"]
[Round "6"]
[White "D LEVY, SOLOMON:K03-30045580"]
[Black "A MISQUITH, CHRIS:K06-17053126"]
[Result "0-1"]
[ICCResult "White forfeits on time"]
[WhiteElo "1400"]
[BlackElo "1400"]
[Opening "Sicilian"]
[ECO "B50"]
[NIC "SI.01"]
[Time "20:15:39"]
[PlyCount "64"]
[TimeControl "180+2"]

1. e4 c5 2. Nf3 d6 3. Nc3 Nf6 4. Bc4 Nc6 5. Ng5 e6 6. d3 d5 7. exd5 exd5 8.
Bb5 Qe7+ 9. Qe2 Qxe2+ 10. Nxe2 Bd7 11. Bxc6 Bxc6 12. d4 cxd4 13. Nxd4 O-O-O
14. O-O Rd7 15. Nxc6 bxc6 16. Be3 Bd6 17. a3 Ng4 18. h3 Nxe3 19. fxe3 f6
20. Nf3 Bc5 21. Nd4 Bxd4 22. exd4 Re7 23. Rae1 Rxe1 24. Rxe1 Kb8 25. Kf2
Rg8 26. Kf3 Kc7 27. Kf4 Kd6 28. g4 Kd7 29. h4 h6 30. g5 fxg5+ 31. hxg5
hxg5+ 32. Kxg5 Re8 { White forfeits on time } 0-1

[Event "ICC tourney 2552 (3 2)"]
[Site "Internet Chess Club"]
[Date "2021.05.07"]
[Round "6"]
[White "DAFTUAR, ROHAN:K03-17124531"]
[Black "LOVELADY, CARTER:K06-16846308"]
[Result "1-0"]
[ICCResult "Black checkmated"]
[WhiteElo "1400"]
[BlackElo "1243"]
[Opening "Queen's pawn"]
[ECO "A40"]
[NIC "QO.17"]
[Time "20:14:18"]
[PlyCount "109"]
[TimeControl "180+2"]

1. d4 e6 2. Bf4 d5 3. e3 Bd6 4. Bg3 Nf6 5. Nd2 Nc6 6. Bb5 Bd7 7. Bh4 Be7 8.
Ngf3 a6 9. Ba4 b5 10. Bb3 a5 11. c3 b4 12. c4 dxc4 13. Bxc4 O-O 14. O-O Qb8
15. Rc1 a4 16. Qe2 Na5 17. Bd3 Nd5 18. Bxe7 Nxe7 19. Rc5 Nb7 20. Rcc1 Nd6
21. Ne5 Qd8 22. Qh5 Ng6 23. Nxd7 Qxd7 24. Rc5 f5 25. Rfc1 Rac8 26. Qd1 Ne8
27. Nc4 Nf6 28. Ne5 Nxe5 29. Rxe5 Ng4 30. Rec5 Nf6 31. R5c4 Qd6 32. Qxa4
Ng4 33. g3 e5 34. Qxb4 Qxb4 35. Rxb4 e4 36. Be2 Nf6 37. Rbc4 Nd5 38. a3 Rf7
39. Rc5 Re7 40. Rxd5 c6 41. Rdc5 Rec7 42. Bb5 Kf7 43. Rxc6 Rxc6 44. Rxc6
Rxc6 45. Bxc6 Ke7 46. d5 Kd6 47. b4 Kc7 48. a4 Kb6 49. b5 Kc7 50. a5 Kb8
51. d6 Kc8 52. b6 g5 53. a6 Kb8 54. d7 f4 55. d8=R# { Black checkmated }
1-0

[Event "ICC tourney 2552 (3 2)"]
[Site "Internet Chess Club"]
[Date "2021.05.07"]
[Round "6"]
[White "THOMAS, HENRY:K03-16790331"]
[Black "LAKSHMANAN, KARTHIK:K05-17329162"]
[Result "0-1"]
[ICCResult "White checkmated"]
[WhiteElo "1400"]
[BlackElo "1400"]
[Opening "Giuoco Pianissimo: Italian four knights variation"]
[ECO "C55"]
[NIC "IG.01"]
[Time "20:14:35"]
[PlyCount "152"]
[TimeControl "180+2"]

1. e4 e5 2. Nf3 Nc6 3. Bc4 Nf6 4. Nc3 Bc5 5. d3 h6 6. Be3 Bb6 7. Qd2 Bxe3
8. fxe3 O-O 9. O-O d6 10. h3 Be6 11. Bb3 Bxb3 12. axb3 a6 13. d4 exd4 14.
exd4 d5 15. e5 Ne4 16. Nxe4 dxe4 17. Ne1 Ne7 18. c3 c5 19. Qe3 cxd4 20.
cxd4 Nc6 21. Qxe4 Qxd4+ 22. Qxd4 Nxd4 23. Rd1 Nxb3 24. Rd3 Nc5 25. Rc3 Rac8
26. Nf3 Ne6 27. Rxc8 Rxc8 28. Rd1 Rc2 29. b3 Rb2 30. Nd2 Kh7 31. Kf2 b5 32.
Ke3 Rc2 33. Kd3 Rc6 34. b4 Nf4+ 35. Ke3 Nxg2+ 36. Kf2 Nh4 37. Re1 Ng6 38.
Kg3 Rc2 39. Nf3 Rc3 40. Kg2 Rc4 41. Rb1 Re4 42. Rd1 Nxe5 43. Nxe5 Rxe5 44.
Rd7 f6 45. Rd6 Re4 46. Rxa6 Rxb4 47. Ra1 Rc4 48. Kf2 Rc5 49. Ke2 Rc6 50.
Kd2 Rb6 51. Kc3 Kg6 52. Kb4 Kf5 53. Rh1 h5 54. h4 g5 55. hxg5 Kxg5 56. Rg1+
Kh6 57. Rh1 f5 58. Rf1 Rf6 59. Kxb5 f4 60. Kc4 f3 61. Kd3 f2 62. Ke2 Kg5
63. Rxf2 Re6+ 64. Kf1 Kg4 65. Rg2+ Kh3 66. Kg1 Re1+ 67. Kf2 Re2+ 68. Kg1
Rxg2+ 69. Kh1 Ra2 70. Kg1 Rd2 71. Kf1 Kg3 72. Ke1 Rf2 73. Kd1 h4 74. Ke1 h3
75. Kd1 h2 76. Ke1 h1=Q# { White checkmated } 0-1

[Event "ICC tourney 2552 (3 2)"]
[Site "Internet Chess Club"]
[Date "2021.05.07"]
[Round "6"]
[White "NATHAN, KRISH:K06-16190973"]
[Black "DEVARAJ, SHREYA:K05-16369648"]
[Result "1-0"]
[ICCResult "Black forfeits on time"]
[WhiteElo "1400"]
[BlackElo "1400"]
[Opening "Ruy Lopez: closed defense"]
[ECO "C87"]
[NIC "RL.13"]
[Time "20:14:44"]
[PlyCount "67"]
[TimeControl "180+2"]

1. e4 e5 2. Nf3 Nc6 3. Bb5 a6 4. Ba4 Nf6 5. O-O Be7 6. Re1 O-O 7. c3 d6 8.
d4 exd4 9. cxd4 d5 10. e5 Ne4 11. Bc2 Bf5 12. Nc3 Nxc3 13. bxc3 Bxc2 14.
Qxc2 Qd7 15. Bg5 Bxg5 16. Nxg5 g6 17. e6 fxe6 18. Rxe6 Qg7 19. Rae1 Qh6 20.
Nf3 Qf4 21. Ne5 Nxe5 22. R6xe5 c6 23. Re7 Rab8 24. Rd7 Rf7 25. Rxf7 Qxf7
26. h3 Re8 27. Rb1 Rb8 28. Rb3 Qe7 29. Qb2 Qe1+ 30. Kh2 Qe7 31. Rb6 Qc7+
32. g3 Qf7 33. Rb3 Qc7 34. Qe2 { Black forfeits on time } 1-0

[Event "ICC tourney 2552 (3 2)"]
[Site "Internet Chess Club"]
[Date "2021.05.07"]
[Round "6"]
[White "PETRELLA, GERARD:K06-16109800"]
[Black "PRESSON, LULU:K01-30166313"]
[Result "1-0"]
[ICCResult "Black checkmated"]
[WhiteElo "1400"]
[BlackElo "1400"]
[Opening "French defense"]
[ECO "C01"]
[NIC "FR.01"]
[Time "20:14:44"]
[PlyCount "121"]
[TimeControl "180+2"]

1. e4 e6 2. d4 b6 3. Nf3 Bb7 4. Nc3 Bb4 5. Bd2 Bxc3 6. Bxc3 Bxe4 7. Bc4 Bb7
8. O-O Nf6 9. Qd2 d5 10. Bb3 O-O 11. Bb4 Re8 12. Ne5 a5 13. Bc3 Ne4 14. Qd3
Nxc3 15. Qxc3 Nd7 16. Nc6 Bxc6 17. Qxc6 Nf6 18. Ba4 Ne4 19. Qxe8+ Qxe8 20.
Bxe8 Rxe8 21. f3 Nf6 22. Rac1 c6 23. c4 Rd8 24. c5 bxc5 25. Rxc5 Rb8 26.
Rxc6 h6 27. Rb1 a4 28. b3 a3 29. b4 Nh5 30. b5 Nf4 31. b6 Ne2+ 32. Kf2 Nxd4
33. Rc5 Nf5 34. b7 Kh7 35. Rc8 Rxb7 36. Rxb7 Nd6 37. Rcb8 Nxb7 38. Rxb7 Kg6
39. Ra7 Kf5 40. Rxf7+ Ke5 41. Rxg7 d4 42. Rd7 h5 43. g4 hxg4 44. fxg4 Ke4
45. h4 d3 46. Rxd3 Kxd3 47. h5 Kc2 48. h6 Kb2 49. h7 Kxa2 50. h8=Q Kb3 51.
g5 a2 52. g6 Kc2 53. Qa1 Kb3 54. g7 Ka3 55. g8=Q Kb3 56. Qxe6+ Ka3 57.
Qexa2+ Kb4 58. Qa3+ Kc4 59. Q1c3+ Kd5 60. Qcc5+ Ke4 61. Qae3# { Black
checkmated } 1-0

[Event "ICC tourney 2552 (3 2)"]
[Site "Internet Chess Club"]
[Date "2021.05.07"]
[Round "6"]
[White "KHISHIGSUREN, ENKHBILGUUN:K01-30069838"]
[Black "PUROHIT, VIHAAN:K05-16766058"]
[Result "0-1"]
[ICCResult "White resigns"]
[WhiteElo "1400"]
[BlackElo "1400"]
[Opening "French: advance, Paulsen attack"]
[ECO "C02"]
[NIC "FR.03"]
[Time "20:14:15"]
[PlyCount "88"]
[TimeControl "180+2"]

1. e4 e6 2. d4 d5 3. e5 c5 4. c3 Nc6 5. Nf3 Qb6 6. Bg5 Qxb2 7. Nbd2 Qxc3 8.
Rc1 Qb4 9. Rb1 Qa5 10. Rb5 Qc7 11. dxc5 a6 12. Rb1 Bxc5 13. Rc1 Bb4 14. Be2
Qa5 15. O-O Bxd2 16. Qxd2 Qxd2 17. Bxd2 Nge7 18. Rfe1 O-O 19. Bc3 Ng6 20.
Bd3 d4 21. Bxd4 Nxd4 22. Nxd4 Nxe5 23. Rxe5 Rd8 24. Rc4 b5 25. Nxe6 Bxe6
26. Rc3 b4 27. Rc2 Rxd3 28. Rec5 Rad8 29. h3 Rd2 30. Rxd2 Rxd2 31. Rc7 Rd1+
32. Kh2 h6 33. Rc2 Ra1 34. Rb2 Rxa2 35. Rxb4 Rxf2 36. Ra4 Bd5 37. Kg1 Rxg2+
38. Kf1 Ra2 39. Rxa2 Bxa2 40. Ke2 a5 41. Ke3 a4 42. Kd3 a3 43. Kc3 Be6 44.
h4 f5 { White resigns } 0-1

[Event "ICC tourney 2552 (3 2)"]
[Site "Internet Chess Club"]
[Date "2021.05.07"]
[Round "6"]
[White "SINGH CHANDI, ISHNOOR:K06-16106643"]
[Black "RAJEEV, AMEYA:K05-16305755"]
[Result "0-1"]
[ICCResult "White checkmated"]
[WhiteElo "1400"]
[BlackElo "1400"]
[Opening "Sicilian: Alapin's variation (2.c3)"]
[ECO "B22"]
[NIC "SI.46"]
[Time "20:14:06"]
[PlyCount "106"]
[TimeControl "180+2"]

1. e4 c5 2. c3 Nc6 3. d4 cxd4 4. cxd4 e6 5. Nf3 d5 6. e5 f6 7. Bb5 fxe5 8.
Nxe5 Qc7 9. Qh5+ g6 10. Nxg6 Qf7 11. Nf4 Qxh5 12. Nxh5 Bd7 13. Be3 Nb4 14.
Bxd7+ Kxd7 15. Kd2 Rc8 16. Na3 Ne7 17. Nf6+ Kd8 18. Rac1 Nf5 19. Bf4 Nxd4
20. Rxc8+ Kxc8 21. Rc1+ Kd8 22. Be3 Ndc6 23. Nb5 Be7 24. Bg5 h6 25. Bh4 Rf8
26. Nc7 Kxc7 27. Bg3+ Kc8 28. a3 Na6 29. Nh5 Nc5 30. b4 Nb3+ 31. Kc2 Nxc1
32. Kxc1 Bg5+ 33. Kd1 d4 34. Kc2 Rd8 35. f4 Be7 36. Ng7 d3+ 37. Kd2 Nd4 38.
Bf2 Nb3+ 39. Kc3 d2 40. Nxe6 d1=Q 41. Nxd8 Bxd8 42. f5 Qd2+ 43. Kxb3 Qxf2
44. g4 Qf3+ 45. Ka4 Qxg4 46. f6 Bxf6 47. h4 Qd1+ 48. Ka5 b6+ 49. Kb5 Qd5+
50. Ka6 Qc4+ 51. Kxa7 Be5 52. b5 Bc7 53. h5 Qa4# { White checkmated } 0-1

[Event "ICC tourney 2552 (3 2)"]
[Site "Internet Chess Club"]
[Date "2021.05.07"]
[Round "6"]
[White "HIRIYUR CHETHAN, NISCHITH:K06-30157135"]
[Black "KIRKUS, GRANT:K03-30161085"]
[Result "1-0"]
[ICCResult "Black forfeits on time"]
[WhiteElo "1400"]
[BlackElo "1400"]
[Opening "Giuoco Pianissimo: Italian four knights variation"]
[ECO "C50"]
[NIC "IG.02"]
[Time "20:13:54"]
[PlyCount "93"]
[TimeControl "180+2"]

1. e4 e5 2. Nf3 Nc6 3. Bc4 Bc5 4. Nc3 Nf6 5. d3 Ng4 6. O-O d6 7. h3 Nf6 8.
Bg5 O-O 9. Nd5 h6 10. Bxf6 gxf6 11. Nh4 f5 12. Nxf5 Bxf5 13. exf5 Nd4 14.
Qg4+ Kh7 15. h4 f6 16. h5 Rg8 17. Nxf6+ Qxf6 18. Bxg8+ Rxg8 19. Qe4 Nxc2
20. Rac1 Qg5 21. Rxc2 Qxh5 22. f6+ Kh8 23. Qxb7 Rg4 24. g3 e4 25. dxe4 Qh3
26. Rc3 Rg5 27. e5 Rh5 28. Qg2 Qxg2+ 29. Kxg2 Rxe5 30. Rf3 d5 31. f7 Kg7
32. f8=Q+ Bxf8 33. Rxf8 Kxf8 34. f4 Re2+ 35. Rf2 Re3 36. Rd2 c6 37. a4 Rb3
38. Kh3 Kg7 39. Kg4 Kg6 40. f5+ Kf6 41. Kf4 Rb4+ 42. Kf3 Kxf5 43. b3 Rxb3+
44. Kg2 Kg4 45. Rd4+ Kf5 46. g4+ Kg6 47. Rf4 { Black forfeits on time } 1-0

[Event "ICC tourney 2552 (3 2)"]
[Site "Internet Chess Club"]
[Date "2021.05.07"]
[Round "6"]
[White "RAGHAV JEGAN, ASHWIN:K05-16548454"]
[Black "TURAEV, MALIK:K03-30017655"]
[Result "1/2-1/2"]
[ICCResult "Game drawn by repetition"]
[WhiteElo "1400"]
[BlackElo "1400"]
[Opening "Sicilian defense"]
[ECO "B20"]
[NIC "SI.48"]
[Time "20:14:08"]
[PlyCount "184"]
[TimeControl "180+2"]

1. e4 c5 2. c4 e5 3. Nc3 Nc6 4. Nf3 d6 5. d3 Be7 6. Be2 Nf6 7. O-O O-O 8.
h3 Nd4 9. Nxd4 cxd4 10. Nd5 Nxd5 11. cxd5 b6 12. Bg4 Bxg4 13. Qxg4 Qc8 14.
Qxc8 Raxc8 15. Bd2 Rc2 16. Bc1 Rfc8 17. Rd1 h6 18. a3 Bg5 19. Bxg5 hxg5 20.
Kf1 Rxb2 21. Rab1 Rxb1 22. Rxb1 Rc3 23. Ke2 Rxa3 24. Rb4 Ra2+ 25. Kf1 Rd2
26. Ra4 Rxd3 27. Rxa7 Rb3 28. Rd7 Rb1+ 29. Ke2 Rb2+ 30. Kf3 Rb3+ 31. Ke2
Rb2+ 32. Kf3 b5 33. Rxd6 b4 34. Rb6 b3 35. g4 Rc2 36. Rxb3 Rc3+ 37. Rxc3
dxc3 38. Ke2 Kf8 39. Kd1 Ke7 40. Kc2 Kd6 41. Kxc3 f6 42. Kd3 g6 43. Ke3 Kc5
44. Kf3 Kd6 45. Kg3 Kc5 46. f3 Kd6 47. h4 Kc5 48. hxg5 fxg5 49. Kf2 Kd6 50.
Ke3 Kc5 51. Kf2 Kd6 52. Kg3 Kc5 53. Kg2 Kd6 54. Kh3 Kc5 55. Kg3 Kd6 56. Kf2
Kc5 57. Ke3 Kd6 58. Kd3 Kc5 59. Kc3 Kb5 60. Kd3 Kc5 61. Ke3 Kb5 62. f4
gxf4+ 63. Kd3 g5 64. Kc3 Kc5 65. Kd3 Kd6 66. Kc4 Kc7 67. Kd3 Kd6 68. Kc4
Kc7 69. Kd3 Kb6 70. Kc4 Kc7 71. Kd3 Kd7 72. Kc4 Kd6 73. Kd3 Kc5 74. Ke2 Kd6
75. Kd3 Kc5 76. Kc3 Kd6 77. Kd3 Ke7 78. Ke2 Kd6 79. Kd3 Kc5 80. Kc3 Kd6 81.
Kd3 Ke7 82. Kc3 Kd7 83. Kd3 Kc7 84. Kc3 Kb6 85. Kd3 Kc5 86. Kc3 Kb5 87. Kd3
Kc5 88. Kc3 Kd6 89. Kd3 Ke7 90. Kc3 Kd6 91. Kd3 Kc5 92. Kc3 Kd6 { Game
drawn by repetition } 1/2-1/2

[Event "ICC tourney 2552 (3 2)"]
[Site "Internet Chess Club"]
[Date "2021.05.07"]
[Round "6"]
[White "CHAN, ARTHUR:K05-30015869"]
[Black "MCKEE, IAN:K01-17270194"]
[Result "0-1"]
[ICCResult "White checkmated"]
[WhiteElo "1400"]
[BlackElo "1400"]
[Opening "QGD Slav defense"]
[ECO "D10"]
[NIC "SL.01"]
[Time "20:14:44"]
[PlyCount "98"]
[TimeControl "180+2"]

1. d4 d5 2. c4 c6 3. Nc3 Nf6 4. Bf4 Bf5 5. e3 e6 6. Nf3 Bb4 7. a3 Bxc3+ 8.
bxc3 Ne4 9. cxd5 Qa5 10. Be2 Nxc3 11. Qd2 cxd5 12. Bb5+ Qxb5 13. Qxc3 O-O
14. Bxb8 Raxb8 15. Ne5 Rbc8 16. Qd2 Be4 17. f3 Rc2 18. Qd1 Bf5 19. g4 Bg6
20. Nxg6 fxg6 21. Qxc2 Rxf3 22. O-O-O h5 23. Rhf1 Rxe3 24. Qc8+ Kh7 25. g5
Rxa3 26. Rf8 Ra1+ 27. Kd2 Qb2+ 28. Ke3 Qb3+ 29. Rd3 Re1+ 30. Kd2 Qd1+ 31.
Kc3 Qc1+ 32. Kb3 Qb1+ 33. Ka4 b5+ 34. Ka5 Qa2+ 35. Kb4 Rb1+ 36. Kc5 Rc1+
37. Kd6 Rxc8 38. Rxc8 Qxh2+ 39. Kxe6 Qe2+ 40. Kxd5 Qxd3 41. Ke5 b4 42. d5
b3 43. d6 b2 44. d7 Qxd7 45. Rc2 b1=Q 46. Re2 Qe7+ 47. Kf4 Qxe2 48. Kg3
Qb3+ 49. Kh4 Qe4# { White checkmated } 0-1

[Event "ICC tourney 2552 (3 2)"]
[Site "Internet Chess Club"]
[Date "2021.05.07"]
[Round "6"]
[White "INDUKURI, SUHAS:K01-16887781"]
[Black "OSCAR LI, JINGTU:K05-16113408"]
[Result "0-1"]
[ICCResult "White checkmated"]
[WhiteElo "1400"]
[BlackElo "1400"]
[Opening "Sicilian: accelerated fianchetto, modern variation with Bc4"]
[ECO "B35"]
[NIC "SI.33"]
[Time "20:13:59"]
[PlyCount "124"]
[TimeControl "180+2"]

1. e4 c5 2. Nf3 Nc6 3. d4 cxd4 4. Nxd4 g6 5. Nc3 Bg7 6. Be3 Nf6 7. Bc4 O-O
8. O-O d6 9. Qd2 Ng4 10. h3 Nxe3 11. fxe3 Nxd4 12. exd4 Qb6 13. Rfd1 e5 14.
Nd5 Qxd4+ 15. Qxd4 exd4 16. Rf1 Re8 17. Nc7 Be6 18. Bxe6 fxe6 19. Nxa8 Rxa8
20. Rad1 Rc8 21. Rd2 Be5 22. a3 a5 23. g4 b5 24. Kg2 b4 25. axb4 axb4 26.
Ra1 Rc7 27. Ra8+ Kg7 28. Ra4 Rb7 29. b3 Kf7 30. Ra1 Ke7 31. Rd3 Rc7 32. Ra2
Rc3 33. Rxc3 bxc3 34. Ra7+ Kd8 35. Kf2 d3 36. Ke1 dxc2 37. Ra1 Bf4 38. Ra8+
Kc7 39. Ra7+ Kb6 40. Ra1 c1=Q+ 41. Rxc1 Bxc1 42. Kd1 Bd2 43. Kc2 Kc5 44.
Kd3 Kb4 45. Kc2 d5 46. exd5 exd5 47. h4 d4 48. g5 d3+ 49. Kxd3 Kxb3 50. Ke2
Kb2 51. Kd1 Be3 52. h5 gxh5 53. g6 hxg6 54. Ke2 c2 55. Kxe3 c1=Q+ 56. Kf3
g5 57. Kg3 Qe3+ 58. Kg2 h4 59. Kh2 g4 60. Kg2 Qf3+ 61. Kh2 h3 62. Kg1 Qg2#
{ White checkmated } 0-1